 Dungeon Crawl Stone Soup version 0.23.1 (webtiles) character file.

Game seed: 7054206415029722550

193 Lees the Chiller (level 5, -1/38 HPs)
             Began as a Draconian Ice Elementalist on Mar 9, 2019.
             Was a Follower of Vehumet.
             Slain by an orc
             ... wielding a +0 trident
              (7 damage)
             ... on level 3 of the Dungeon.
             The game lasted 00:21:21 (2728 turns).

Lees the Chiller (Draconian Ice Elementalist)       Turns: 2728, Time: 00:21:22

Health: -1/38      AC:  5    Str: 10    XL:     5   Next: 43%
Magic:  4/10       EV: 12    Int: 17    God:    Vehumet [*.....]
Gold:   108        SH:  0    Dex: 11    Spells: 10/11 levels left

rFire    + . .     SeeInvis .   (no weapon)
rCold    + . .     Gourm    .   (no shield)
rNeg     . . .     Faith    .   (armour unavailable)
rPois    +         Spirit   .   (helmet restricted)
rElec    +         Reflect  .   (no cloak)
rCorr    +         Harm     .   (no gloves)
MR       .....                  (no boots)
Stlth    ++........             (no amulet)
HPRegen  0.12/turn              (no ring)
MPRegen  0.12/turn              (no ring)

@: resistant
A: unfitting armour, cold-blooded, AC +5
a: Renounce Religion


You were on level 3 of the Dungeon.
You worshipped Vehumet.
Vehumet was aware of your devotion.
You were hungry.

You visited 1 branch of the dungeon, and saw 3 of its levels.

You collected 108 gold pieces.

Inventory:

Scrolls
 c - a scroll of noise
 d - a scroll of magic mapping
 f - a scroll of remove curse
Potions
 a - a potion of lignification
 k - a potion of flight {unknown}
 l - a potion of invisibility {unknown}
Comestibles
 b - 8 rations


   Skills:
 + Level 2.0 Dodging
 + Level 2.3 Stealth
 - Level 0.1 Unarmed Combat
 + Level 3.8 Spellcasting
   Level 1.0 Conjurations
 + Level 4.5 Ice Magic


You had 10 spell levels left.
You knew the following spells:

 Your Spells              Type           Power        Failure   Level  Hunger
a - Freeze                Ice            ###.         2%          1    None

Your spell library contained the following spells:

 Spells                   Type           Power        Failure   Level  Hunger
 Sandblast                Erth           #.....       16%         1    None
 Throw Frost              Conj/Ice       ##....       8%          2    ##.....
 Ozocubu's Armour         Chrm/Ice       ##......     19%         3    ###....
 Throw Icicle             Conj/Ice       ##......     45%         4    ####...
 Summon Ice Beast         Ice/Summ       ##......     54%         4    ####...


Dungeon Overview and Level Annotations

Branches:
Dungeon (3/15)

Altars:
Gozag
Okawaru
Vehumet
Xom

Shops:
D:2 *


Innate Abilities, Weirdness & Mutations

Your plain brown scales are hard. (AC +5)
You cannot fit into any form of body armour.
You are cold-blooded and may be slowed by cold attacks.


Message History

There is an open door here.
Items here: )) [ †† a +0 short sword; a +0 flail; a +0 chain mail; a rat corpse; an orc corpse
Casting: Freeze (safe; 2% risk of failure)
Confirm with . or Enter, or press ? or * to list all spells.
Aiming: Freeze (safe; 2% risk of failure)
Press: ? - help, Shift-Dir - straight line, f - orc
Aim: an orc, wielding a +0 trident You freeze the orc.
The orc is moderately wounded.
The orc barely misses you.
Casting: Freeze (safe; 2% risk of failure)
Confirm with . or Enter, or press ? or * to list all spells.
Aiming: Freeze (safe; 2% risk of failure)
Press: ? - help, Shift-Dir - straight line, f/p - orc
Aim: an orc, wielding a +0 trident (moderately wounded)
You freeze the orc.
The orc is severely wounded.
The orc hits you with a +0 trident!
You die...

.#.#.###.......###########
..ooo..)..................
##.#.###...........#######
#...........#######
#...........'......
#...........####### #...........#
#..o........# ####@##########
#..)...# #......# #..[...# #####
#......# #...# #..(...# #...#
#############......# #...# #####
........(...'......# #...# #....
#.###########......####...###....


You could see an orc.

Vanquished Creatures
  2 orc priests (D:3)
  Robin (D:2)
  4 adders
  A worm (D:2)
  4 dart slugs
  2 leopard geckos
  3 orcs (D:3)
  A ball python (D:2)
  4 bats
  2 giant cockroaches (D:2)
  11 hobgoblins
  2 jackals (D:3)
  8 kobolds
  A quokka (D:2)
  3 frilled lizards
  14 goblins
  A quokka zombie (D:2)
  9 rats
73 creatures vanquished.

Notes
Turn   | Place    | Note
-------+----------+-------------------------------------------
     0 | D:1      | Lees the Draconian Ice Elementalist began the quest for the
                  | Orb.
     0 | D:1      | Reached XP level 1. HP: 14/14 MP: 3/3
   147 | D:1      | Reached XP level 2. HP: 19/20 MP: 0/5
   226 | D:1      | Found an iron altar of Okawaru.
   787 | D:2      | Reached XP level 3. HP: 23/26 MP: 0/6
   959 | D:2      | Found a shimmering altar of Xom.
  1559 | D:2      | Reached skill level 4 in Ice Magic
  1559 | D:2      | Reached XP level 4. HP: 27/33 MP: 3/8
  1624 | D:2      | Found a radiant altar of Vehumet.
  1637 | D:2      | Became a worshipper of Vehumet
  1703 | D:2      | Found an iron altar of Okawaru.
  1836 | D:2      | Found an opulent altar of Gozag.
  1836 | D:2      | Found Gozag's Platinum Reserve.
  1840 | D:2      | Noticed Robin
  2168 | D:2      | Killed Robin
  2663 | D:3      | Reached * piety under Vehumet
  2663 | D:3      | Offered knowledge of Sandblast by Vehumet.
  2674 | D:3      | Reached XP level 5. HP: 10/38 MP: 4/10
  2728 | D:3      | Slain by an orc

Skill      XL: |  1  2  3  4 |
---------------+-------------+-----
Stealth        | 2 |  2.3
Ice Magic      | 4 |  4.5
Spellcasting   | 3 |  3.8
Dodging        | 2 |  2.0
Unarmed Combat | |  0.1
Conjurations   | |  1.0

Action                   |  1- 3 |  4- 6 || total
-------------------------+-------+-------++-------
Melee: Unarmed           |    11 |     8 ||    19
       Tailslap          |     1 |       ||     1
 Cast: Freeze            |    83 |    65 ||   148
  Use: Scroll            |     6 |     1 ||     7
       Potion            |     1 |     4 ||     5
  Eat: Chunk             |     2 |       ||     2
       Ration            |     1 |       ||     1
Armor: Skin              |    27 |    42 ||    69
Dodge: Dodged            |    75 |    34 ||   109
